 Dungeon Crawl Stone Soup version 0.23.2-1-ga50397a (webtiles) character file.

Game seed: 8111743613623595271

106 troglodite the Sneak (level 4, -1/29 HPs)
             Began as an Octopode Assassin on May 13, 2019.
             Slain by a river rat (8 damage)
             ... on level 3 of the Dungeon.
             The game lasted 00:05:01 (2091 turns).

troglodite the Sneak (Octopode Assassin)            Turns: 2091, Time: 00:05:02

Health: -1/29      AC:  1    Str: 10    XL:     4   Next: 84%
Magic:  5/5        EV:  8    Int: 13    God:
Gold:   136        SH: 10    Dex: 14    Spells: 4/4 levels left

rFire    . . .     SeeInvis .   a - +2 dagger
rCold    . . .     Gourm    .   j - +0 large shield
rNeg     . . .     Faith    .   (helmet restricted)
rPois    .         Spirit   .   (no amulet)
rElec    .         Reflect  .   (no ring)
rCorr    .         Harm     .   (no ring)
MR       .....                  (no ring)
Stlth    ++++......             (no ring)
HPRegen  0.09/turn              (no ring)
MPRegen  0.09/turn              (no ring)
                                (no ring)
                                (no ring)

@: no status effects
A: almost no armour, stealthy swim, amphibious, 8 rings, constrict 8, camouflage
1, gelatinous body 1
a: no special abilities


You were on level 3 of the Dungeon.
You were hungry.

You visited 1 branch of the dungeon, and saw 3 of its levels.

You collected 136 gold pieces.

Inventory:

Hand Weapons
 a - a +2 dagger (weapon)
 b - a +0 blowgun
Missiles
 c - 8 poisoned needles
 d - 2 curare-tipped needles
 n - 6 needles of sleeping
Armour
 j - a +0 large shield (worn)
Scrolls
 e - 2 scrolls of teleportation {unknown}
 i - 4 scrolls of identify {unknown}
 l - a scroll of blinking {unknown}
 m - a scroll of amnesia {unknown}
 p - 2 scrolls of remove curse {unknown}
 q - a scroll of fog {unknown}
 s - 2 scrolls of magic mapping {unknown}
 t - 2 scrolls of random uselessness {unknown}
Potions
 h - a potion of heal wounds {unknown}
 k - a potion of curing {unknown}
 o - a potion of berserk rage {unknown}
 r - 2 potions of mutation {unknown}
 u - a potion of haste
Comestibles
 f - 6 rations
 g - 8 chunks of flesh


   Skills:
 * Level 2.1 Fighting
 + Level 2.3 Short Blades
 + Level 2.0 Throwing
 * Level 2.0 Dodging
 * Level 7.1 Stealth
 * Level 0.5 Shields
 * Level 0.7 Spellcasting


You had 4 spell levels left.
You didn't know any spells.
Your spell library was empty.

Dungeon Overview and Level Annotations

Branches:
Dungeon (3/15)

Altars:

Portals:
Sewer: D:3


Innate Abilities, Weirdness & Mutations

You cannot wear most types of armour.
You are very stealthy in the water. (Stealth+)
You are amphibious.
You can wear up to eight rings at the same time.
You can use your tentacles to constrict eight enemies at once.
Your skin changes colour to match your surroundings (Stealth+).
Your rubbery body absorbs attacks. (AC +1, EV +1)


Message History

The helpless worm fails to defend itself.
You impale the worm!!
You kill the worm!
You block the rat's attack.
You hit the rat.
You kill the rat!
You hit the river rat but do no damage. You grab the river rat.
You constrict the river rat, but do no damage.
The river rat twitches its whiskers.
You block the river rat's attack. The river rat bites you.
You hit the river rat but do no damage. You squeeze the river rat.
The river rat is heavily wounded.
You constrict the river rat. The river rat bites you!
* * * LOW HITPOINT WARNING * * *
You are too injured to fight recklessly!
You are too injured to fight recklessly!
You hit the river rat but do no damage.
The river rat is severely wounded.
You constrict the river rat. The river rat bites you!
You die...

##...#.# ##.....#.# .# ..
#...... #.##.##.## ##..
#......... ..# #####
#......... ##.#.##...#
#...≈≈≈... .#.# .....#
#.!≈≈≈≈≈.. .#.####...#
#..≈≈∩≈≈.. .........#
######..≈≈≈≈≈S.
.#######.####...@rr†.≈≈≈...
.# #........##......... .#
#.####...##......... .# #.#
############.?. .# #.# ##
.# #.# .# #.# ..# ###


You could see a river rat and a rat.

Vanquished Creatures
  3 adders (D:2)
  3 oozes
  3 worms
  A dart slug (D:2)
  8 goblins
  7 hobgoblins
  7 jackals
  3 kobolds
  A quokka (D:3)
  A ball python (D:1)
  8 bats
  2 frilled lizards (D:1)
  8 rats
55 creatures vanquished.

Notes
Turn   | Place    | Note
-------+----------+-------------------------------------------
     0 | D:1      | troglodite the Octopode Assassin began the quest for the
                  | Orb.
     0 | D:1      | Reached XP level 1. HP: 14/14 MP: 1/1
   112 | D:1      | Reached XP level 2. HP: 14/19 MP: 2/2
   121 | D:1      | Reached skill level 6 in Stealth
   483 | D:1      | Reached XP level 3. HP: 13/24 MP: 3/3
  1382 | D:2      | Reached XP level 4. HP: 27/29 MP: 4/4
  1833 | D:3      | Reached skill level 7 in Stealth
  2072 | D:3      | Found a glowing drain.
  2091 | D:3      | Slain by a river rat

Skill      XL: |  1  2  3  4 |
---------------+-------------+-----
Stealth        | 6 7 |  7.1
Dodging        | 2 |  2.0
Fighting       | |  2.1
Short Blades   | |  2.3
Throwing       | |  2.0
Shields        | |  0.5
Spellcasting   | |  0.7

Action                   |  1- 3 |  4- 6 || total
-------------------------+-------+-------++-------
Melee: Dagger            |    62 |    35 ||    97
       Constrict         |    15 |     9 ||    24
       Tentacles         |     6 |     3 ||     9
 Stab: Sleeping          |    11 |     8 ||    19
  Eat: Chunk             |     1 |     2 ||     3
Armor: Skin              |     7 |       ||     7
Dodge: Dodged            |    25 |     9 ||    34
Block: Large shield      |     9 |     9 ||    18
